 Dungeon Crawl Stone Soup version 0.24.1-4-ge52af88ad5 (webtiles) character file.

Game seed: 8315459488214551090, levelgen mode: deterministic

17593 MajorAdolf the Covert (level 12, 0/99 HPs)
             Began as a Naga Wanderer on Apr 16, 2020.
             Was an Initiate of Gozag.
             Slain by an eight-headed hydra (7 damage)
             ... on level 3 of the Lair of Beasts.
             The game lasted 00:38:51 (18360 turns).

MajorAdolf the Covert (Naga Wanderer)              Turns: 18360, Time: 00:38:52

Health: 0/99       AC:  9    Str: 13    XL:     12   Next: 49%
Magic:  18/18      EV:  9    Int: 17    God:    Gozag
Gold:   1335       SH:  5    Dex: 13    Spells: 12/19 levels left

rFire    + . .     SeeInvis +   A - +4 rapier (elec)
rCold    . . .     Gourm    .   B - +0 buckler
rNeg     . . .     Faith    .   d - +0 robe
rPois    +         Spirit   .   p - +2 helmet
rElec    .         Reflect  .   i - +0 cloak
rCorr    .         Harm     .   (no gloves)
MR       ++...                  (no barding)
Stlth    +++++.....             (no amulet)
HPRegen  0.26/turn              n - ring of protection from magic
MPRegen  0.16/turn              a - ring of protection from fire

@: about to teleport, gold aura, very slow
A: large, see invisible, deformed body, poison resistance, slowness 2, slow
metabolism 1, spit poison 1, AC +4
a: Spit Poison, Potion Petition, Call Merchant, Bribe Branch, Renounce Religion


You were on level 3 of the Lair of Beasts.
You worshipped Gozag.
Gozag was most pleased with you.
You were not hungry.

You visited 3 branches of the dungeon, and saw 15 of its levels.

You collected 1468 gold pieces.
You paid 133 gold pieces to Gozag.

Inventory:

Hand Weapons
 k - a +1 falchion of electrocution
 m - a +1 dagger of venom
 o - a +0 short sword of protection
 A - a +4 rapier of electrocution (weapon)
Armour
 d - a +0 robe (worn)
 i - a +0 cloak (worn)
 p - a +2 helmet (worn)
 B - a +0 buckler (worn)
 C - a +0 pair of gloves
 H - a scarf of spirit shield
Jewellery
 a - a ring of protection from fire (right hand)
 n - a ring of protection from magic (left hand)
 y - an uncursed ring of flight
 z - a +3 ring of protection {unknown}
 E - an uncursed ring of see invisible {unknown}
Wands
 g - a wand of polymorph (13)
 l - a wand of iceblast (4)
 q - a wand of flame (35)
 w - a wand of acid (4)
 F - a wand of clouds (6)
 G - a wand of enslavement (10)
Scrolls
 b - 3 scrolls of teleportation
 j - 4 scrolls of identify
 r - 6 scrolls of remove curse
 s - 4 scrolls of fog
 t - a scroll of blinking {unknown}
 u - a scroll of magic mapping
 D - a scroll of amnesia
 I - a scroll of vulnerability {unknown}
 J - a scroll of enchant armour
 K - a scroll of enchant weapon {unknown}
 L - a scroll of silence {unknown}
Potions
 c - 4 potions of curing
 e - 4 potions of flight
 v - a potion of ambrosia
 x - 2 potions of agility
 M - a potion of brilliance {unknown}
Comestibles
 f - 17 rations


   Skills:
 - Level 3.6 Fighting
 + Level 11.7(12.1) Short Blades
 - Level 5.3(9.3) Long Blades
   Level 2.0 Maces & Flails
 - Level 1.0 Armour
 - Level 1.0 Dodging
 + Level 12.2 Stealth
 - Level 3.6 Shields
 - Level 4.3 Spellcasting
 - Level 6.8 Charms
 - Level 6.8 Necromancy
 - Level 6.1 Evocations


You had 12 spell levels left.
You knew the following spells:

 Your Spells              Type           Power        Failure   Level  Hunger
a - Confusing Touch       Hex            #.....       16%         1    None
b - Regeneration          Chrm/Necr      ####......   2%          3    ###....
c - Spectral Weapon       Hex/Chrm       ###.....     12%         3    ###....

Your spell library contained the following spells:

 Spells                   Type           Power        Failure   Level  Hunger
 Animate Skeleton         Necr           N/A          1%          1    None
 Infusion                 Chrm           ####         1%          1    None
 Pain                     Necr           ####         1%          1    None
 Song of Slaying          Chrm           ####....     1%          2    ##.....
 Vampiric Draining        Necr           ####......   2%          3    ###....
 Shroud of Golubria       Chrm/Tloc      ###...       6%          2    ##.....
 Swiftness                Chrm/Air       ###.....     6%          2    ##.....
 Animate Dead             Necr           N/A          10%         4    ####...
 Passwall                 Tmut/Erth      #.......     22%         2    ##.....
 Confuse                  Hex            #.......     41%         3    ###....
 Gell's Gravitas          Tloc           #.........   41%         3    ###....
 Passage of Golubria      Tloc           N/A          83%         4    ####...
 Petrify                  Tmut/Erth      #.......     83%         4    ####...
 Lee's Rapid Deconstruct  Erth           #.........   99%         5    ######.
 Metabolic Englaciation   Hex/Ice        #.........   99%         5    ######.
 Yara's Violent Unravell  Hex/Tmut       #.........   99%         5    ######.
 Darkness                 Hex            #.........   100%        6    #######
 Invisibility             Hex            #.......     100%        6    #######


Dungeon Overview and Level Annotations

Branches:
Dungeon (11/15)            Temple (1/1) D:7            Lair (3/6) D:10
 Shoals (0/4) Lair:2
  Snake: Lair:2-4    Spider: Lair:2-4       Orc: D:9-12

Altars:
Ashenzari
Cheibriados
Dithmenos
Elyvilon
Fedhas
Gozag
Hepliaklqana
Kikubaaqudgha
Makhleb
Nemelex Xobeh
Okawaru
Qazlal
Ru
Sif Muna
Trog
Uskayaw
Vehumet
Wu Jian
Xom
Yredelemnul
Zin
The Shining One

Shops:
D:4 :

Annotations:
D:3 Grinder
Lair:2 exclusion: 2 hydras
Lair:3 exclusion: hydra


Innate Abilities, Weirdness & Mutations

You cannot wear boots.
Your serpentine skin is tough. (AC +4)
You have supernaturally acute eyesight. (SInv)
Armour fits poorly on your strangely shaped body.
Your system is resistant to poisons. (rPois)
You cover ground very slowly.
You have a slow metabolism.
You can spit poison.


Message History

* * * LOW HITPOINT WARNING * * *
Okay, then.
As you read the scroll of teleportation, it crumbles to dust.
You feel strangely unstable. The wolf bites you.
* * * LOW HITPOINT WARNING * * *
The wolf bites you but does no damage.
The spiny frog stings you but does no damage.
The wolf bites you but does no damage. You block the wolf's attack.
The spiny frog stings you!
* * * LOW HITPOINT WARNING * * *
Okay, then.
As you read the scroll of fear, it crumbles to dust.
You assume a fearsome visage.
The eight-headed hydra resists with some effort.
The spiny frog looks frightened!
The wolf looks frightened! x2
The eight-headed hydra bites you.
* * * LOW HITPOINT WARNING * * *
The eight-headed hydra bites you!
You die...
Your body crumbles into a pile of gold.

.##≈..# .............#
.#≈#.. .............##
#.. P..............#
..... P..(#..........#
..D...P......P..#...##
#....[.P.....P.##..##.#
....................###
...................##
............#h.D@...#
#...P............P.#.#
#....P.....#.$h.F..###
.......... #..:....#
......#. ........P##
.....##...<......##
...### .#.#......# ..##
..........P ..≈#
..........##


You could see an eight-headed hydra, a spiny frog (fleeing) and 2 wolves.

Vanquished Creatures
  Erica (D:9)
  2 tengu warriors (D:9)
  Nergalle (D:10)
  An unseen horror (D:10)
  Pikel (D:5)
  An ugly thing (D:10)
  A deep elf mage (D:10)
  A water nymph (D:9)
  3 spiny frogs
  3 komodo dragons
  2 trolls
  Prince Ribbit (D:7)
  A hornet (D:10)
  5 blink frogs (Lair:1)
  4 hippogriffs
  A spriggan (D:10)
  6 yaks (D:10)
  3 wyverns
  A human (D:10)
  A hungry ghost (D:11)
  Menkaure (D:5)
  5 water moccasins
  3 porcupines
  Duvessa (D:7)
  2 orc warriors (D:10)
  5 ice beasts
  3 sky beasts
  An eye of draining (D:10)
  3 slaves (D:5)
  A necrophage (D:10)
  9 wolves
  2 centaurs
  4 phantoms
  3 ogres
  3 crocodiles
  A big kobold (D:9)
  13 bullfrogs
  Dowan (D:7)
  3 scorpions
  12 killer bees
  2 electric eels (D:10)
  8 crimson imps
  A quasit (D:8)
  6 hounds
  6 orc priests
  A gnoll shaman (D:5)
  Crazy Yiuf (D:4)
  A bullfrog skeleton (D:11)
  Jessica (D:2)
  2 iguanas
  7 orc wizards
  12 worker ants
  A worker ant zombie (D:9)
  16 gnolls
  15 adders
  2 shadow imps
  4 oozes
  An adder zombie (D:6)
  2 adder skeletons (D:9)
  5 worms
  3 dart slugs
  5 leopard geckos
  35 orcs
  7 bats
  8 giant cockroaches
  5 goblins
  3 hobgoblins
  15 jackals
  12 kobolds
  5 quokkas
  A ball python (D:7)
  6 frilled lizards
  A quokka zombie (D:9)
  9 rats
325 creatures vanquished.

Vanquished Creatures (others)
  A yak (D:10)
  A shadow imp (D:10)
2 creatures vanquished.

Grand Total: 327 creatures vanquished

Notes
Turn   | Place    | Note
-------+----------+-------------------------------------------
     0 | D:1      | MajorAdolf the Naga Wanderer began the quest for the Orb.
     0 | D:1      | MajorAdolf set off with the following items: a +2 short
                  | sword, a scroll of teleportation, a potion of curing, a +0
                  | robe, a ration
     0 | D:1      | Reached XP level 1. HP: 15/15 MP: 1/1
   134 | D:1      | Reached XP level 2. HP: 21/22 MP: 2/2
   441 | D:1      | Reached XP level 3. HP: 28/28 MP: 3/3
   537 | D:1      | Reached skill level 2 in Stealth
   732 | D:1      | Reached skill level 5 in Short Blades
  1063 | D:2      | Found a stormy altar of Qazlal.
  1089 | D:2      | Noticed Jessica
  1092 | D:2      | Killed Jessica
  1092 | D:2      | Reached skill level 3 in Stealth
  1092 | D:2      | Reached XP level 4. HP: 36/36 MP: 4/4
  1604 | D:2      | Reached skill level 4 in Stealth
  1771 | D:2      | Reached XP level 5. HP: 42/42 MP: 5/5
  2130 | D:3      | Noticed Grinder
  2141 | D:3      | Paralysed by Grinder for 3 turns
  2143 | D:3      | HP: 1/42 [Grinder (6)]
  2772 | D:5      | Entered Level 5 of the Dungeon
  2840 | D:4      | Found Girghoscho's Book Shoppe.
  2846 | D:4      | Reached skill level 5 in Stealth
  3494 | D:4      | Noticed an ogre
  3502 | D:4      | Killed an ogre
  3502 | D:4      | Reached skill level 6 in Stealth
  3502 | D:4      | Reached XP level 6. HP: 29/49 MP: 6/6
  3649 | D:4      | Found a runed translucent door.
  3650 | D:4      | Noticed Crazy Yiuf
  3908 | D:4      | Killed Crazy Yiuf
  4420 | D:5      | Reached skill level 7 in Stealth
  4575 | D:4      | Reached XP level 7. HP: 46/55 MP: 7/7
  4971 | D:5      | Noticed Menkaure
  5480 | D:5      | Found an iron altar of Okawaru.
  5609 | D:5      | Reached skill level 1 in Long Blades
  5778 | D:6      | Reached skill level 8 in Stealth
  6307 | D:6      | Reached skill level 9 in Stealth
  6307 | D:6      | Reached XP level 8. HP: 17/62 MP: 8/8
  6650 | D:6      | Found a glowing golden altar of the Shining One.
  7065 | D:7      | Found a staircase to the Ecumenical Temple.
  7107 | Temple   | Entered the Ecumenical Temple
  7367 | D:7      | Noticed a hippogriff
  7396 | D:7      | Reached skill level 1 in Fighting
  7808 | D:7      | Noticed Dowan
  7821 | D:7      | Reached skill level 10 in Stealth
  8299 | D:7      | Noticed Prince Ribbit
  8318 | D:7      | Killed Prince Ribbit
  8318 | D:7      | Reached XP level 9. HP: 45/75 MP: 11/11
  8327 | D:7      | Reached skill level 5 in Long Blades
  8461 | D:7      | Found a bloodstained altar of Trog.
  8836 | D:7      | Noticed Duvessa
  8844 | D:7      | Killed Duvessa
  8844 | D:7      | Reached skill level 11 in Stealth
  8867 | D:7      | Killed Dowan
  9190 | D:8      | Learned a level 1 spell: Confusing Touch
  9260 | D:8      | Noticed a +0 hand axe
  9260 | D:8      | Noticed a +0 hand axe
  9261 | D:8      | Found a hide-covered altar of Uskayaw.
  9298 | D:9      | Noticed a tengu warrior
  9298 | D:9      | Noticed a tengu warrior
 10307 | D:8      | Found a snail-covered altar of Cheibriados.
 10308 | D:8      | Found a radiant altar of Vehumet.
 10314 | D:8      | Reached XP level 10. HP: 85/85 MP: 13/13
 10463 | D:5      | Killed Menkaure
 10561 | D:5      | Reached skill level 10 in Short Blades
 10853 | D:5      | Noticed Pikel
 10902 | D:5      | Killed Pikel
 11507 | D:9      | Noticed a two-headed ogre
 11955 | D:9      | Reached skill level 1 in Shields
 12110 | D:9      | Noticed a water nymph
 12110 | D:9      | a two-headed ogre changed into a water nymph
 12117 | D:9      | Killed a water nymph
 12297 | D:9      | Found an opulent altar of Gozag.
 12337 | D:9      | Became a worshipper of Gozag Ym Sagoz the Greedy
 12466 | D:10     | Entered Level 10 of the Dungeon
 12466 | D:10     | Noticed Nergalle
 12775 | D:11     | Reached skill level 5 in Evocations
 13015 | D:11     | Noticed a purple ugly thing
 13241 | D:10     | Found an opulent altar of Gozag.
 13331 | D:10     | Identified the +10 flail of Dysotuexzo {flame, rF- Dex+3
                  | SInv}
 13458 | D:10     | Reached XP level 11. HP: 91/91 MP: 15/15
 13495 | D:10     | HP: 3/91 [wolf (10)]
 13895 | D:10     | Noticed an unseen horror
 13942 | D:10     | Noticed a red ugly thing
 14046 | D:10     | Found a staircase to the Lair.
 14059 | D:10     | Noticed a deep elf mage
 14295 | D:10     | Reached skill level 12 in Stealth
 14361 | D:10     | Learned a level 3 spell: Regeneration
 14396 | D:10     | Killed a red ugly thing
 14396 | D:10     | Reached skill level 1 in Charms
 14396 | D:10     | Reached skill level 1 in Necromancy
 14440 | Lair:1   | Entered Level 1 of the Lair of Beasts
 16008 | Lair:2   | Noticed a five-headed hydra
 16009 | Lair:2   | Reached skill level 1 in Spellcasting
 16120 | D:10     | Reached skill level 5 in Necromancy
 16293 | D:9      | Reached skill level 5 in Charms
 16381 | D:9      | Killed a tengu warrior
 16386 | D:9      | Killed a tengu warrior
 16386 | D:9      | Reached XP level 12. HP: 51/99 MP: 16/16
 16565 | D:9      | Noticed Erica
 16579 | D:9      | Killed Erica
 16652 | D:10     | Killed Nergalle
 17882 | Lair:2   | Found a staircase to the Shoals.
 17914 | Lair:2   | Noticed a five-headed hydra
 18174 | Lair:3   | Noticed an eight-headed hydra
 18250 | Lair:3   | Learned a level 3 spell: Spectral Weapon
 18360 | Lair:3   | Slain by an eight-headed hydra

Levels and vault maps discovered:
D:1:      wheals_arrival_shading, layout_basic
D:2:      layout_basic, grunt_qazlal_clouds, first_ration, minmay_hedge_maze,
          uniq_jessica
D:3:      layout_loops_ring, chequers_ecumenical_altar_grove, uniq_ijyb,
          uniq_terence, uniq_natasha, uniq_grinder, uniq_sigmund
D:4:      layout_loops_ring, serial_shops, nicolae_shop_stone,
          uniq_crazy_yiuf_cottage
D:5:      layout_cave_pods, lemuel_round_altar, uniq_menkaure, uniq_pikel
D:6:      layout_loops_ring, tso_metal_star
D:7:      layout_basic, lemuel_coloured_pillars_altar,
          minmay_temple_entry_crystal_x, uniq_duvessa, uniq_prince_ribbit1
D:8:      layout_basic, gammafunk_temple_overflow_pools, dancing_weapons_uskayaw
D:9:      layout_roguey, nicolae_overflow_crystal_walls, uniq_erica
D:10:     layout_basic, erik_lair_island, hangedman_stone_soup,
          nicolae_gozag_seed_capital, uniq_nergalle
D:11:     layout_small_grid, david_orc_3
Temple:   regret_index_temple_generic_petals
Lair:1:   layout_regular_city, serial_bayou_shore_a, infiniplex_staircase_pool_2
Lair:2:   layout_big_grid, shoals_dummy_entry, tgw_fedhas, grunt_megastairs_1
Lair:3:   layout_gridlike, serial_rivers, chequers_serial_rivers_micro_e,
          chequers_serial_rivers_large_a, chequers_serial_rivers_large_b,
          chequers_serial_rivers_micro_b

Skill      XL: |  1  2  3  4  5  6  7  8  9 10 11 12 |
---------------+-------------------------------------+-----
Stealth        | 3 4 6 7 9 10 11 12 | 12.2
Short Blades   | 5 6 7 9 11 | 11.7
Long Blades    | 3 4 5 |  5.3
Fighting       | 3 |  3.6
Evocations     | 3 4 5 6 |  6.1
Shields        | 3 |  3.6
Charms         | 5 6 |  6.8
Necromancy     | 5 6 |  6.8
Spellcasting   | 2 4 |  4.3
Maces & Flails | |  2.0
Armour         | |  1.0
Dodging        | |  1.0

Action                   |  1- 3 |  4- 6 |  7- 9 | 10-12 || total
-------------------------+-------+-------+-------+-------++-------
Melee: Short sword       |    80 |   219 |       |       ||   299
       Falchion          |       |       |   173 |       ||   173
       Dagger            |       |       |    53 |       ||    53
       Rapier            |       |       |   100 |   522 ||   622
 Cast: Regeneration      |       |       |       |     9 ||     9
 Abil: Spit Poison       |     2 |    18 |     9 |     3 ||    32
Evoke: Wand              |       |     1 |    11 |    31 ||    43
  Use: Potion            |       |     3 |     2 |     3 ||     8
       Scroll            |       |    10 |     6 |     6 ||    22
 Stab: Sleeping          |       |    13 |    10 |    20 ||    43
       Invisible         |       |     2 |     5 |       ||     7
       Distracted        |       |       |       |     7 ||     7
  Eat: Chunk             |       |    10 |    15 |     2 ||    27
       Ration            |       |       |       |     7 ||     7
Armor: Robe              |     8 |    53 |    93 |   104 ||   258
       Scale mail        |    17 |       |       |       ||    17
Dodge: Dodged            |    35 |    81 |   138 |   171 ||   425
Block: Buckler           |       |       |       |    63 ||    63
       Rpst.: Falchion   |       |       |    29 |       ||    29
